[Event "*** Titled Tuesday Blitz"]
[Site "Chess.com"]
[Date "2021.04.06"]
[Round "2"]
[White "Fraler15"]
[Black "Mihnea2017"]
[Result "0-1"]
[WhiteElo "2234"]
[BlackElo "2459"]
[TimeControl "180+1"]
[EndTime "10:14:28 PDT"]
[Termination "Mihnea2017 won by resignation"]

1. e4 c6 2. d4 d5 3. f3 e6 4. Nc3 Bb4 5. Ne2 Ne7 6. a3 Ba5 7. Be3 c5 8. dxc5 Nbc6 9. Qd2 b6 10. b4 bxc5 11. bxa5 d4 12. Nxd4 cxd4 13. Bb5 dxe3 14. Qxe3 O-O 15. O-O Qc7 16. e5 Qxe5 17. Qd2 Qd4+ 0-1

[Event "*** Titled Tuesday Blitz"]
[Site "Chess.com"]
[Date "2021.04.06"]
[Round "2"]
[White "DonBroca"]
[Black "Blitzking642"]
[Result "0-1"]
[WhiteElo "2216"]
[BlackElo "2446"]
[TimeControl "180+1"]
[EndTime "10:14:29 PDT"]
[Termination "Blitzking642 won by resignation"]

1. e4 c5 2. Nf3 Nc6 3. d4 cxd4 4. Nxd4 g6 5. c4 Nf6 6. Be3 d6 7. Nc3 Ng4 8. Bg5 Qb6 9. Be2 Nxd4 10. Bxg4 Bxg4 11. Qxg4 Nc2+ 12. Kd2 Nxa1 13. Rxa1 Qxb2+ 14. Kd3 Qxa1 15. Qe2 Bg7 16. Qc2 Qxc3+ 17. Qxc3 Bxc3 18.
Kxc3 Kd7 19. Kd4 Rhc8 20. Be3 Rc6 21. Kd3 Rac8 22. Bd4 Rxc4 23. f3 Rxd4+ 24. Kxd4 Rc2 25. g4 Rxa2 26. g5 Rxh2 27. Ke3 a5 28. Kf4 a4 29. e5 dxe5+ 30. Ke4 0-1

[Event "*** Titled Tuesday Blitz"]
[Site "Chess.com"]
[Date "2021.04.06"]
[Round "2"]
[White "horripile"]
[Black "CakeinSpace2002"]
[Result "1-0"]
[WhiteElo "2589"]
[BlackElo "2314"]
[TimeControl "180+1"]
[EndTime "10:14:38 PDT"]
[Termination "horripile won by resignation"]

1. e4 c5 2. Nf3 Nc6 3. Bb5 g6 4. O-O Bg7 5. Nc3 e5 6. Bc4 Nge7 7. a4 O-O 8. d3 h6 9. Be3 d6 10. Nd5 Be6 11. c3 Kh7 12. Nxe7 Qxe7 13. a5 f5 14. exf5 Bxf5 15. Nd2 Qd7 16. Ne4 b6 17. axb6 axb6 18.
Rxa8 Rxa8 19. Bd5 Be6 20. Qb3 Na5 21. Bxe6 Nxb3 22. Bxd7 Ra2 23. Rb1 d5 24. Be6 dxe4 25.
Bxb3 Ra7 26. dxe4 b5 27. Bxc5 1-0

[Event "*** Titled Tuesday Blitz"]
[Site "Chess.com"]
[Date "2021.04.06"]
[Round "2"]
[White "Keks2017"]
[Black "K_A_S_T_O_R"]
[Result "0-1"]
[WhiteElo "2530"]
[BlackElo "2812"]
[TimeControl "180+1"]
[EndTime "10:14:44 PDT"]
[Termination "K_A_S_T_O_R won by resignation"]

1. g3 d5 2. Bg2 c6 3. d3 e5 4.
Nd2 Nf6 5. e4 dxe4 6. dxe4 Qc7 7. Ngf3 Be7 8. O-O Nbd7 9. b3 a6 10. Bb2 b5 11. a4 Bb7 12. Qe2 O-O 13. Nh4 g6 14. Kh1 Rfe8 15. Nhf3 Bc5 16. Ne1 Bd4 17. c3 Bb6 18. b4 c5 19. axb5 axb5 20. Qxb5 Rxa1 21.
Bxa1 Ra8 22. Nc2 Ra2 23. Qd3 c4 24. Nxc4 Ba6 25. N2e3 Bxe3 26. Qxe3 Bxc4 27. Rd1 Ng4 0-1

[Event "*** Titled Tuesday Blitz"]
[Site "Chess.com"]
[Date "2021.04.06"]
[Round "2"]
[White "chessablanca"]
[Black "krzyzan94"]
[Result "0-1"]
[WhiteElo "2485"]
[BlackElo "2697"]
[TimeControl "180+1"]
[EndTime "10:14:45 PDT"]
[Termination "krzyzan94 won by resignation"]

1. Nf3 g6 2. g3 Bg7 3. Bg2 e5 4. d3 d6 5. O-O f5 6. e4 Nf6 7.
Nc3 O-O 8. Bg5 h6 9. Bxf6 Qxf6 10. Qd2 f4 11. Nd5 Qf7 12. c3 a5 13. Rad1 Bg4 14.
h3 Be6 15. d4 Bxd5 16. exd5 e4 17. Ne1 f3 18. Bh1 Qxd5 19. Nc2 Qxa2 20. d5 Nd7 21. Ne3 Ne5 22. Qc2 Nd3 23. Rxd3 exd3 24. Qxd3 Qxb2 25. Qxg6 Qxc3 26. Nf5 Qf6 27. Nxh6+ Kh8 28. Qxf6 Rxf6 29. Ng4 Rff8 30. Rc1 a4 0-1

[Event "*** Titled Tuesday Blitz"]
[Site "Chess.com"]
[Date "2021.04.06"]
[Round "2"]
[White "Margency"]
[Black "Loy_Konstantin"]
[Result "1-0"]
[WhiteElo "2713"]
[BlackElo "2336"]
[TimeControl "180+1"]
[EndTime "10:14:46 PDT"]
[Termination "Margency won by resignation"]

1. e4 c5 2. Nf3 d6 3. d4 cxd4 4. Nxd4 Nf6 5. Nc3 g6 6. Be3 Bg7 7. f3 O-O 8. Qd2 Nc6 9. Bc4 Bd7 10. h4 Ne5 11. Bb3 Qa5 12. O-O-O Rfc8 13. h5 Nxh5 14. Nd5 Qxd2+ 15. Rxd2 Kf8 16. g4 Nf6 17. Rdh2 Nxd5 18.
Bxd5 Nc4 19. Bh6 Bxh6+ 20. Rxh6 Rab8 21. Rxh7 e6 22. Bxc4 Rxc4 23. Rh8+ Ke7 24. Rxb8 Rxd4 25. Rxb7 a5 26. Rd1 Rc4 27. b3 Rc3 28. Rd3 Rc5 29.
Kd2 Ke8 30. Rxd6 1-0

[Event "*** Titled Tuesday Blitz"]
[Site "Chess.com"]
[Date "2021.04.06"]
[Round "2"]
[White "Handszar"]
[Black "zurzan"]
[Result "1-0"]
[WhiteElo "2371"]
[BlackElo "1983"]
[TimeControl "180+1"]
[EndTime "10:14:50 PDT"]
[Termination "Handszar won by resignation"]

1. e4 d6 2. d4 g6 3. Nc3 c6 4. Be3 a6 5. Qd2 Bg7 6. O-O-O Nd7 7. f4 e6 8. h4 h5 9. f5 Bh6 10. fxe6 fxe6 11. Nf3 Bxe3 12. Qxe3 Qe7 13. Ng5 Nh6 14. Bc4 d5 15. Bd3 Ng4 16. Qg3 b5 17. exd5 cxd5 18. Bxg6+ Kd8 19. Nf7+ Ke8 20. Nxh8+ 1-0

[Event "*** Titled Tuesday Blitz"]
[Site "Chess.com"]
[Date "2021.04.06"]
[Round "2"]
[White "ChessWarrior7197"]
[Black "chescomhuynya"]
[Result "1-0"]
[WhiteElo "2924"]
[BlackElo "2566"]
[TimeControl "180+1"]
[EndTime "10:14:52 PDT"]
[Termination "ChessWarrior7197 won by resignation"]

1. e4 c5 2. Nf3 d6 3. c3 Nf6 4.
h3 Nc6 5. d4 cxd4 6. cxd4 d5 7.
e5 Ne4 8. Bd3 e6 9. O-O Qb6 10.
Nc3 Nxc3 11. bxc3 h6 12. Nh2 Be7 13. f4 g6 14. Ng4 Bd7 15. Qe1 Na5 16. Nf6+ Bxf6 17.
exf6 O-O-O 18. Ba3 Kb8 19. Rb1 Qc7 20. Qe5 Nc6 21.
Rxb7+ Kxb7 22. Ba6+ Kb6 23. Rb1+ Nb4 24. Rxb4+ Kc6 25.
Bb5+ Kb7 26. Bxd7+ 1-0

[Event "*** Titled Tuesday Blitz"]
[Site "Chess.com"]
[Date "2021.04.06"]
[Round "2"]
[White "RestartingChess"]
[Black "DeTimmerman"]
[Result "0-1"]
[WhiteElo "2537"]
[BlackElo "2836"]
[TimeControl "180+1"]
[EndTime "10:14:57 PDT"]
[Termination "DeTimmerman won by resignation"]

1. e4 e5 2. Nf3 Nc6 3. Bc4 Nf6 4. d3 Be7 5. h3 O-O 6. O-O d6 7. Nc3 Kh8 8. Bg5 Ng8 9. Bxe7 Ngxe7 10. Nd5 f5 11.
Nxe7 Nxe7 12. Nh2 Qe8 13. f4 exf4 14. Rxf4 Ng6 15. Rf1 Ne5 16. exf5 Nxc4 17. dxc4 Qe3+ 18.
Kh1 Bxf5 19. c3 Be4 20. Qd4 Qe2 21. Rg1 Rf2 22. Rae1 Rxg2 23. Rxe2 Rxe2+ 24. Rg2 Bxg2+ 25. Kg1 Rf8 26. Qxa7 Bc6 27. Qd4 Rg2+ 28. Kh1 Rd2+ 0-1

[Event "*** Titled Tuesday Blitz"]
[Site "Chess.com"]
[Date "2021.04.06"]
[Round "2"]
[White "Korchmar_Vasiliy"]
[Black "AdrianaNikolova"]
[Result "1-0"]
[WhiteElo "2661"]
[BlackElo "2329"]
[TimeControl "180+1"]
[EndTime "10:15:04 PDT"]
[Termination "Korchmar_Vasiliy won by resignation"]

1. d4 d5 2. Nf3 Nf6 3. Bf4 c5 4. e3 Nc6 5. Nbd2 cxd4 6. exd4 Bg4 7. c3 e6 8. Qb3 Qb6 9. Bd3 Nd7 10. O-O Be7 11. Rae1 O-O 12. Qc2 Nf6 13. Ne5 Bh5 14.
Bg5 Bg6 15. Bxf6 Bxf6 16. Nd7 Bxd3 17. Qxd3 Qxb2 18. Nxf8 Rxf8 19. Rb1 Qa3 20. Rxb7 Qxa2 21. Nb3 Qa3 22. Nc5 Rd8 23. Qb5 Rc8 24. Qxc6 1-0

[Event "*** Titled Tuesday Blitz"]
[Site "Chess.com"]
[Date "2021.04.06"]
[Round "2"]
[White "babyking1205"]
[Black "Rud_Makarian"]
[Result "1-0"]
[WhiteElo "2573"]
[BlackElo "2864"]
[TimeControl "180+1"]
[EndTime "10:15:07 PDT"]
[Termination "babyking1205 won by resignation"]

1. e4 e5 2. Nf3 d6 3. d4 exd4 4. Nxd4 Nf6 5. Nc3 Be7 6. h3 O-O 7. Be3 Re8 8. Qf3 Nc6 9. O-O-O Bd7 10. g4 Nxd4 11. Bxd4 Bc6 12. Bd3 Nd7 13. h4 Bf6 14. Bc4 Bxd4 15. Bxf7+ Kh8 16. Bxe8 Bxc3 17. Bxd7 Bxb2+ 18.
Kxb2 Qxd7 19. Rhe1 Qe7 20. Qg3 a5 21. e5 d5 22. e6 a4 23. Qa3 Qxh4 24. e7 Re8 25. Qb4 Kg8 26. Rd4 Qf6 27. Kb1 g5 28. f4 gxf4 29.
Rxf4 Qd6 30. Qxd6 cxd6 31. Rf6 Kg7 32. Rxd6 Rg8 33. Rxc6 1-0

[Event "*** Titled Tuesday Blitz"]
[Site "Chess.com"]
[Date "2021.04.06"]
[Round "2"]
[White "fearless_guy"]
[Black "zajka-molotok"]
[Result "1-0"]
[WhiteElo "2786"]
[BlackElo "2522"]
[TimeControl "180+1"]
[EndTime "10:15:12 PDT"]
[Termination "fearless_guy won by resignation"]

1. e4 d6 2. d4 Nf6 3. Nc3 c6 4. f4 Qa5 5. e5 Ne4 6. Bd2 Nxd2 7. Qxd2 Bf5 8. Nf3 e6 9. Bd3 Bxd3 10. Qxd3 Be7 11.
O-O-O Nd7 12. Kb1 O-O-O 13. h4 d5 14. Ng5 Bxg5 15. hxg5 g6 16. Rh3 c5 17. Nb5 Kb8 18. Nd6 Rdf8 19. Rdh1 Qb6 20. Qa3 cxd4 21. Rb3 Qc6 22.
Rxb7+ Qxb7 23. Nxb7 Kxb7 24. Qe7 Kc6 25. Qd6+ 1-0

[Event "*** Titled Tuesday Blitz"]
[Site "Chess.com"]
[Date "2021.04.06"]
[Round "2"]
[White "Alexander_Zubov"]
[Black "mbachez"]
[Result "1-0"]
[WhiteElo "2989"]
[BlackElo "2478"]
[TimeControl "180+1"]
[EndTime "10:15:19 PDT"]
[Termination "Alexander_Zubov won by resignation"]

1. d4 Nf6 2. c4 Nc6 3. Nf3 e6 4. a3 d6 5. Nc3 g6 6. d5 Ne7 7. dxe6 Bxe6 8. e4 Bg7 9. Be2 O-O 10. O-O Bg4 11. Nd4 Bxe2 12. Ndxe2 Re8 13. f3 a5 14. Bg5 h6 15. Be3 Nc6 16. b3 Kh7 17. Rc1 Qc8 18. Nd5 Ne5 19. Qd2 a4 20. b4 Nxd5 21. cxd5 b5 22.
Bd4 Nc4 23. Qc3 Bxd4+ 24. Nxd4 Qa6 25. Nxb5 Qb6+ 26. Qd4 Qxd4+ 27. Nxd4 Nxa3 28. Rc3 Reb8 29. Rxa3 1-0

[Event "*** Titled Tuesday Blitz"]
[Site "Chess.com"]
[Date "2021.04.06"]
[Round "2"]
[White "aa175"]
[Black "Airquake"]
[Result "0-1"]
[WhiteElo "2442"]
[BlackElo "2666"]
[TimeControl "180+1"]
[EndTime "10:15:20 PDT"]
[Termination "Airquake won by checkmate"]

1. d4 Nf6 2. Bf4 e6 3. e3 b6 4.
Nf3 Bb7 5. Nbd2 d6 6. Be2 Nbd7 7. h3 g6 8. O-O Bg7 9. c3 O-O 10. a4 a5 11. Bh2 Qe7 12. Nc4 Ne4 13. Qc2 f5 14. b4 g5 15. Rfb1 g4 16. Nfd2 gxh3 17.
bxa5 hxg2 18. axb6 Qh4 19. Nf3 Qxf2# 0-1

[Event "*** Titled Tuesday Blitz"]
[Site "Chess.com"]
[Date "2021.04.06"]
[Round "2"]
[White "SergeyShtyka"]
[Black "zala02"]
[Result "0-1"]
[WhiteElo "2396"]
[BlackElo "2157"]
[TimeControl "180+1"]
[EndTime "10:15:26 PDT"]
[Termination "zala02 won by resignation"]

1. e4 e5 2. Nf3 Nc6 3. Nc3 Nf6 4. Bb5 Bb4 5. O-O d6 6. d3 O-O 7. Bxc6 bxc6 8. Bg5 h6 9. Bh4 Qe8 10. Bxf6 gxf6 11.
Nh4 Kh7 12. Qh5 Rg8 13. f4 Bg4 0-1

[Event "*** Titled Tuesday Blitz"]
[Site "Chess.com"]
[Date "2021.04.06"]
[Round "2"]
[White "PolandHussars"]
[Black "kaponerde"]
[Result "1-0"]
[WhiteElo "2599"]
[BlackElo "2121"]
[TimeControl "180+1"]
[EndTime "10:15:28 PDT"]
[Termination "PolandHussars won by resignation"]

1. e4 c5 2. Ne2 g6 3. g3 Bg7 4.
Bg2 Nc6 5. c3 Qa5 6. O-O Nf6 7. d4 cxd4 8. cxd4 d6 9. Nbc3 Qh5 10. f3 O-O 11. d5 Ne5 12. Nf4 Qh6 13. Ne6 Qh5 14. Nxf8 Kxf8 15. Be3 Bh3 16. Rc1 Bxg2 17.
Kxg2 Nfg4 18. fxg4 Nxg4 19. Bg1 Qg5 20. h3 Ne5 21. Qe2 h5 22. Be3 1-0

[Event "*** Titled Tuesday Blitz"]
[Site "Chess.com"]
[Date "2021.04.06"]
[Round "2"]
[White "J36225"]
[Black "manuellarrea"]
[Result "0-1"]
[WhiteElo "2441"]
[BlackElo "2250"]
[TimeControl "180+1"]
[EndTime "10:15:29 PDT"]
[Termination "manuellarrea won by resignation"]

1. e4 c5 2. Nf3 Nc6 3. Bb5 g6 4. Bxc6 dxc6 5. d3 Bg7 6. h3 Nf6 7. Nc3 O-O 8. O-O b6 9. Be3 e5 10. a3 Qd6 11. Qd2 Nh5 12. b4 cxb4 13. axb4 Be6 14. b5 c5 15. Ng5 Bd7 16. Nd5 f6 17.
Nf3 Bxb5 18. c4 Bc6 19. Bh6 Bxd5 20. cxd5 Bxh6 21. Qxh6 Nf4 22. Rfd1 a5 23. Rab1 Ne2+ 0-1

[Event "*** Titled Tuesday Blitz"]
[Site "Chess.com"]
[Date "2021.04.06"]
[Round "2"]
[White "Irishchessman16"]
[Black "Semetey"]
[Result "0-1"]
[WhiteElo "2282"]
[BlackElo "2519"]
[TimeControl "180+1"]
[EndTime "10:15:35 PDT"]
[Termination "Semetey won by resignation"]

1. e4 c5 2. Nf3 d6 3. d4 cxd4 4. Nxd4 Nf6 5. f3 e5 6. Nb3 Be6 7. c4 Nbd7 8. Nc3 Be7 9. Be3 O-O 10. Qd2 a6 11. Be2 Qc7 12. Nd5 Bxd5 13. cxd5 b6 14. Rc1 Nc5 15. Na1 a5 16. b3 Nh5 17. g3 f5 18.
exf5 Rxf5 19. g4 Bh4+ 20. Kd1 Rf4 21. gxh5 Bg5 22. Nc2 Qf7 23. Rg1 Bh6 24. Bxf4 Bxf4 25. Qe1 Qxd5+ 0-1

[Event "*** Titled Tuesday Blitz"]
[Site "Chess.com"]
[Date "2021.04.06"]
[Round "2"]
[White "Kiborg95"]
[Black "frenchpin"]
[Result "1-0"]
[WhiteElo "2807"]
[BlackElo "2527"]
[TimeControl "180+1"]
[EndTime "10:15:36 PDT"]
[Termination "Kiborg95 won by resignation"]

1. e4 e6 2. d3 d5 3. Nd2 Nf6 4. e5 Nfd7 5. f4 c5 6. Ndf3 Nc6 7. g3 Be7 8. Bg2 O-O 9. Nh3 f6 10. exf6 Bxf6 11. O-O e5 12. c3 e4 13. dxe4 dxe4 14. Nfg5 Qb6 15. Nxe4 c4+ 16. Kh1 Rd8 17. Qd5+ Kh8 18.
Qxc4 Be7 19. Nhg5 Nde5 20. fxe5 Nxe5 21. Nf7+ Nxf7 22. Qxf7 Qc7 23. Bg5 Bd6 24. Qxc7 Bxc7 25. Bxd8 1-0

[Event "*** Titled Tuesday Blitz"]
[Site "Chess.com"]
[Date "2021.04.06"]
[Round "2"]
[White "MasterKroket"]
[Black "XDPS"]
[Result "0-1"]
[WhiteElo "2516"]
[BlackElo "2758"]
[TimeControl "180+1"]
[EndTime "10:15:37 PDT"]
[Termination "XDPS won by resignation"]

1. d4 d5 2. c4 e6 3. Nc3 Nf6 4. Nf3 c6 5. Bg5 Nbd7 6. e3 Qa5 7. Nd2 dxc4 8. Bxf6 Nxf6 9. Nxc4 Qc7 10. Be2 Be7 11. O-O O-O 12. Bf3 Rd8 13. Rc1 Bd7 14. Qe2 Be8 15.
a3 Rac8 16. b4 b6 17. Rfd1 Qb8 18. e4 b5 19. Na5 e5 20. Nb3 Bf8 21. d5 cxd5 22. Nxd5 Nxd5 23. exd5 Rxc1 24. Rxc1 f5 25. Qd2 e4 26. Be2 Qe5 27. Rd1 Bf7 28. Bxb5 Rxd5 0-1

[Event "*** Titled Tuesday Blitz"]
[Site "Chess.com"]
[Date "2021.04.06"]
[Round "2"]
[White "MalyDominator"]
[Black "garicradomir"]
[Result "1-0"]
[WhiteElo "2490"]
[BlackElo "2263"]
[TimeControl "180+1"]
[EndTime "10:15:43 PDT"]
[Termination "MalyDominator won by resignation"]

1. e4 Nc6 2. d4 e5 3. d5 Nce7 4. h4 h5 5. Be2 Nf6 6. Bg5 Ng4 7. Bxg4 hxg4 8. Qxg4 f6 9. Be3 d6 10. Qg3 Kf7 11.
Nc3 g6 12. O-O-O Bh6 13. Nh3 c6 14. f4 cxd5 15. exd5 Nf5 16. Qf2 Nxe3 17. Qxe3 Bxh3 18. Qxh3 Bxf4+ 19. Kb1 Qc8 20. Qf3 Qc5 21. Ne4 Qb6 22. g3 Qe3 23. Nxd6+ Ke7 24. Qg4 Kxd6 25. Qe6+ Kc5 26. gxf4 exf4 27. Qxf6 Rae8 28. d6 Re6 29. Qxh8 1-0

[Event "*** Titled Tuesday Blitz"]
[Site "Chess.com"]
[Date "2021.04.06"]
[Round "2"]
[White "Kapibara_Warri0r"]
[Black "x-4605984566"]
[Result "0-1"]
[WhiteElo "2233"]
[BlackElo "2455"]
[TimeControl "180+1"]
[EndTime "10:15:43 PDT"]
[Termination "x-4605984566 won by resignation"]

1. d4 Nf6 2. Bf4 g6 3. c3 Bg7 4. h3 O-O 5. Bh2 d6 6. e3 c5 7.
Bd3 b6 8. Ne2 Bb7 9. O-O Nbd7 10. f3 a6 11. Nd2 b5 12. e4 Qb6 13. Kh1 Rfc8 14. Rc1 a5 15. Bb1 Ba6 16. Nb3 a4 17. Na1 b4 18. Nc2 b3 19. axb3 axb3 20. Ne3 cxd4 21. cxd4 Rxc1 22. Nxc1 Bxf1 23. Qxf1 Qxd4 24. Nxb3 Qxe3 0-1

[Event "*** Titled Tuesday Blitz"]
[Site "Chess.com"]
[Date "2021.04.06"]
[Round "2"]
[White "YoreDea"]
[Black "Marianov_Podstavnikov"]
[Result "1-0"]
[WhiteElo "2622"]
[BlackElo "2319"]
[TimeControl "180+1"]
[EndTime "10:15:56 PDT"]
[Termination "YoreDea won by resignation"]

1. e4 e5 2. Nf3 Nc6 3. d4 exd4 4.
Bc4 Bc5 5. O-O d6 6. c3 Bg4 7. Qb3 Bxf3 8. Bxf7+ Kf8 9. Bxg8 Rxg8 10. gxf3 d3 11.
Qe6 Qf6 12. Qh3 g5 13. Be3 Ne5 14. Nd2 g4 15. fxg4 Rxg4+ 16. Kh1 Rh4 17. Qg3 Kf7 18. Bg5 1-0

[Event "*** Titled Tuesday Blitz"]
[Site "Chess.com"]
[Date "2021.04.06"]
[Round "2"]
[White "Shuvalov"]
[Black "2008king"]
[Result "1-0"]
[WhiteElo "2439"]
[BlackElo "2209"]
[TimeControl "180+1"]
[EndTime "10:15:57 PDT"]
[Termination "Shuvalov won by resignation"]

1. b4 d5 2. Bb2 Nf6 3. e3 c6 4. a3 Bf5 5. c4 Nbd7 6. f4 Qc7 7. Nf3 e6 8. Nc3 Bd6 9. Rc1 O-O 10. cxd5 exd5 11.
Nb5 Qb8 12. Nxd6 Qxd6 13. Be2 Rae8 14. Ne5 Ne4 15. d3 Nef6 16. g4 Be6 17. g5 Ng4 18. Bxg4 Bxg4 19. Nxg4 Qxf4 20. Qe2 f5 21. exf4 Rxe2+ 22. Kxe2 fxg4 1-0

[Event "*** Titled Tuesday Blitz"]
[Site "Chess.com"]
[Date "2021.04.06"]
[Round "2"]
[White "dretch"]
[Black "ehrenfeld"]
[Result "1-0"]
[WhiteElo "2814"]
[BlackElo "2531"]
[TimeControl "180+1"]
[EndTime "10:16:00 PDT"]
[Termination "dretch won by resignation"]

1. d4 Nf6 2. c4 e6 3. Nc3 Bb4 4.
Qc2 d6 5. Nf3 Nbd7 6. Bd2 e5 7.
e3 O-O 8. Be2 Re8 9. O-O e4 10.
Nxe4 Nxe4 11. Bxb4 Ndf6 12. Nd2 c6 13. Nxe4 Nxe4 14.
Bd3 d5 15. cxd5 cxd5 16. Rfc1 Bf5 17. f3 Rc8 18. Bc3 Qg5 19. fxe4 dxe4 20. Bb5 Re6 21. Bd7 Rf6 22. Bxc8 1-0

[Event "*** Titled Tuesday Blitz"]
[Site "Chess.com"]
[Date "2021.04.06"]
[Round "2"]
[White "Giorno"]
[Black "allvim"]
[Result "1-0"]
[WhiteElo "2496"]
[BlackElo "2249"]
[TimeControl "180+1"]
[EndTime "10:16:00 PDT"]
[Termination "Giorno won by resignation"]

1. b3 e5 2. Bb2 Nc6 3. e3 Nf6 4. Bb5 d6 5. Ne2 a6 6. Bxc6+ bxc6 7. d4 Be6 8. dxe5 dxe5 9. Qxd8+ Rxd8 10. Bxe5 Bd6 11.
Bxd6 cxd6 12. Nd2 O-O 13. h3 Bf5 14. Nd4 Bd7 15. O-O-O Rfe8 16. Kb2 d5 17. b4 Rb8 18. Kc3 Rec8 19. N4b3 Bf5 20. a3 Nd7 21. e4 dxe4 22.
Nxe4 Nb6 23. Nec5 Nd5+ 24. Kb2 Nb6 25. Rd4 h6 26. Re1 Re8 27. Rxe8+ Rxe8 28. g4 Bg6 29. f4 1-0

[Event "*** Titled Tuesday Blitz"]
[Site "Chess.com"]
[Date "2021.04.06"]
[Round "2"]
[White "Klavdia_Nik"]
[Black "chessdiamant"]
[Result "0-1"]
[WhiteElo "2028"]
[BlackElo "2380"]
[TimeControl "180+1"]
[EndTime "10:16:02 PDT"]
[Termination "chessdiamant won on time"]

1. Nf3 c5 2. g3 Nc6 3. Bg2 g6 4. O-O Bg7 5. e4 d6 6. c3 Nf6 7. Re1 O-O 8. h3 d5 9. e5 Ne8 10. d4 cxd4 11. cxd4 Nc7 12. Nc3 Ne6 13. Be3 a6 14.
Rc1 Na5 15. b3 b5 16. Qd2 Bb7 17. Bh6 Rc8 18. Bxg7 Kxg7 19. h4 Qb6 0-1

[Event "*** Titled Tuesday Blitz"]
[Site "Chess.com"]
[Date "2021.04.06"]
[Round "2"]
[White "Murad_Ibrahimli"]
[Black "louis198"]
[Result "1-0"]
[WhiteElo "2824"]
[BlackElo "2536"]
[TimeControl "180+1"]
[EndTime "10:16:10 PDT"]
[Termination "Murad_Ibrahimli won by resignation"]

1. d4 e6 2. c4 d5 3. Nc3 Nf6 4.
Nf3 c6 5. e3 Be7 6. Bd3 O-O 7.
O-O dxc4 8. Bxc4 b5 9. Bd3 a6 10. Qc2 Bb7 11. Ne4 Nbd7 12. Nxf6+ Nxf6 13. e4 h6 14.
h3 c5 15. dxc5 Bxc5 16. e5 Nd7 17. Bh7+ Kh8 18. Be4 Bxe4 19. Qxe4 Nb6 20. Bd2 Qd5 21. Qh4 Qd3 22. Rad1 Qg6 23. b4 Bxb4 24. Bxb4 Rfc8 25. Bd6 Rc2 26. Rd4 Rxa2 27. Rg4 Qh7 28. Qe7 Qf5 29. Qb7 1-0

[Event "*** Titled Tuesday Blitz"]
[Site "Chess.com"]
[Date "2021.04.06"]
[Round "2"]
[White "superchess02"]
[Black "Yurovskykh_Oleksandr"]
[Result "1-0"]
[WhiteElo "2810"]
[BlackElo "2529"]
[TimeControl "180+1"]
[EndTime "10:16:11 PDT"]
[Termination "superchess02 won by resignation"]

1. c4 c6 2. Nf3 d5 3. g3 Bg4 4.
Bg2 e6 5. O-O Nf6 6. d4 Nbd7 7.
b3 Bd6 8. Bb2 O-O 9. Ne5 Bh5 10.
h3 a5 11. f4 Be7 12. Nc3 Nxe5 13. dxe5 Nd7 14. Kh2 f6 15. cxd5 exd5 16. Nxd5 cxd5 17. Qxd5+ Kh8 18. e6 Bxe2 19. Rfe1 Nb6 20. Qxd8 Raxd8 21. Rxe2 Nd5 22. Rd1 Nc7 23. Rd7 1-0

[Event "*** Titled Tuesday Blitz"]
[Site "Chess.com"]
[Date "2021.04.06"]
[Round "2"]
[White "Kildepiotr"]
[Black "Redzishchess"]
[Result "1-0"]
[WhiteElo "2651"]
[BlackElo "2355"]
[TimeControl "180+1"]
[EndTime "10:16:11 PDT"]
[Termination "Kildepiotr won by resignation"]

1. Nf3 b6 2. g3 Bb7 3. Bg2 c5 4. O-O Nf6 5. c4 g6 6. Nc3 Bg7 7. d3 O-O 8. e4 d6 9. Ne1 Ne8 10. f4 Nd7 11. Nc2 Nc7 12. f5 a6 13. h4 b5 14.
fxg6 fxg6 15. Rxf8+ Qxf8 16. Bh3 Ne5 17. Bf4 bxc4 18.
dxc4 Nxc4 19. Ne3 Nxb2 20. Qb3+ Kh8 21. Qxb7 Bxc3 22. Qxc7 Bd4 23. Rf1 Qg7 24. Kh2 Rf8 25. Bg5 Rxf1 26. Nxf1 Bf6 27. Qd8+ Qg8 28. Bxf6+ 1-0

[Event "*** Titled Tuesday Blitz"]
[Site "Chess.com"]
[Date "2021.04.06"]
[Round "2"]
[White "EvgenyT"]
[Black "Niktlt"]
[Result "1/2-1/2"]
[WhiteElo "2928"]
[BlackElo "2576"]
[TimeControl "180+1"]
[EndTime "10:16:14 PDT"]
[Termination "Game drawn by agreement"]

1. c4 Nf6 2. Nc3 g6 3. g3 Bg7 4. Bg2 O-O 5. Nf3 d6 6. d4 Nc6 7. O-O Bf5 8. e3 Ne4 9. Ne2 Nf6 10. b3 e5 11. Bb2 Re8 12. Nh4 Bg4 13. d5 Ne7 14. h3 Bd7 15. Kh2 g5 16. Nf3 h6 17. Nd2 Ng6 18. Nc3 a5 19. Qc2 Rf8 20. Rae1 g4 21. h4 h5 22. a3 Ne8 23. Kg1 f5 24. c5 dxc5 25. f4 Nd6 26. Nc4 e4 27. Rd1 b6 28. Rf2 Qe7 29. Bf1 Bf6 30.
a4 Bg7 31. Nxd6 cxd6 32. Bb5 1/2-1/2

[Event "*** Titled Tuesday Blitz"]
[Site "Chess.com"]
[Date "2021.04.06"]
[Round "2"]
[White "GM_Crest"]
[Black "Ural_bogatyr"]
[Result "1-0"]
[WhiteElo "2693"]
[BlackElo "2481"]
[TimeControl "180+1"]
[EndTime "10:16:16 PDT"]
[Termination "GM_Crest won by resignation"]

1. d4 Nf6 2. c4 e5 3. dxe5 Ng4 4. e3 Nxe5 5. Nh3 d5 6. Qxd5 Qf6 7. Nf4 c6 8. Qd4 Nbd7 9. Nc3 Bb4 10. Bd2 O-O 11.
Ne4 Qe7 12. Bxb4 Qxb4+ 13. Qc3 Qe7 14. Be2 Nb6 15. c5 Bf5 16. Nd6 Bg4 17. Bxg4 Nxg4 18.
Rd1 Na4 19. Qd4 b5 20. b3 Nxc5 21. Qxc5 Rad8 22. O-O Rd7 23. Rd4 Rfd8 24. Rfd1 Qh4 25. Nh3 Qh5 26. Qxh5 1-0

[Event "*** Titled Tuesday Blitz"]
[Site "Chess.com"]
[Date "2021.04.06"]
[Round "2"]
[White "Nf3c5"]
[Black "MegaManMusic"]
[Result "1-0"]
[WhiteElo "2529"]
[BlackElo "2232"]
[TimeControl "180+1"]
[EndTime "10:16:16 PDT"]
[Termination "Nf3c5 won by resignation"]

1. e4 c5 2. b3 Nc6 3. Bb2 e6 4.
Bb5 Nf6 5. e5 Nd5 6. Bxc6 bxc6 7. Nf3 g6 8. Nc3 Nxc3 9. Bxc3 Bg7 10. Qe2 O-O 11. O-O d6 12. exd6 Bxc3 13. dxc3 Qxd6 14.
Rfd1 Qf4 15. Ne5 a5 16. a4 Ba6 17. c4 Rad8 18. Nd7 Rfe8 19. Nxc5 Bc8 20. g3 Qf6 21.
Rxd8 Qxa1+ 22. Rd1 Qc3 23. Ne4 Qe5 24. f4 Qc7 25.
Nf6+ Kf8 26. Nxe8 Kxe8 27. Qe5 1-0

[Event "*** Titled Tuesday Blitz"]
[Site "Chess.com"]
[Date "2021.04.06"]
[Round "2"]
[White "j2806"]
[Black "Legendinunknown"]
[Result "0-1"]
[WhiteElo "2157"]
[BlackElo "2599"]
[TimeControl "180+1"]
[EndTime "10:16:18 PDT"]
[Termination "Legendinunknown won by resignation"]

1. e4 e5 2. Nf3 Nc6 3. Bb5 a6 4.
Ba4 Nf6 5. d3 d6 6. c3 g6 7. O-O Bg7 8. Nbd2 O-O 9. Re1 Nh5 10.
Nf1 Bd7 11. d4 Qe8 12. d5 Nb8 13. Bc2 f5 14. h3 fxe4 15. Bxe4 Nf4 16. Ng3 a5 17. c4 Na6 18. a3 Nc5 19. Bc2 Qc8 20. Re3 Bh6 21. Rc3 a4 22. b4 axb3 23. Bxb3 Nxb3 24.
Rxb3 Ba4 25. Rab1 Re8 26. Ne4 Qf5 27. Qd3 Nxd3 0-1